[Event "FICS rated standard game"]
[Site "FICS freechess.org"]
[FICSGamesDBGameNo "20001347"]
[White "taek"]
[Black "Shkolnik"]
[WhiteElo "1495"]
[BlackElo "1352"]
[WhiteRD "na"]
[BlackRD "na"]
[TimeControl "720+10"]
[Date "1999.08.16"]
[Time "15:58:00"]
[WhiteClock "0:12:00.000"]
[BlackClock "0:12:00.000"]
[ECO "C50"]
[PlyCount "127"]
[Result "0-1"]

1. e4 e5 2. Nf3 Nc6 3. Bc4 Bc5 4. O-O Nf6 5. d3 d6 6. a3 a5 7. h3 b6 8. Bg5 Nd4 9. Nbd2 O-O 10. b4 axb4 11. axb4 Rxa1 12. Qxa1 Bxb4 13. c3 Nxf3+ 14. Nxf3 Ba5 15. Bd5 Ba6 16. Rd1 h6 17. Be3 Nxd5 18. exd5 Qd7 19. c4 Bb7 20. Rb1 Ra8 21. Qb2 b5 22. Qxb5 Qxb5 23. Rxb5 Bc8 24. Rb1 Bf5 25. Ra1 Bxd3 26. Bd2 Bxc4 27. Rxa5 Rxa5 28. Bxa5 Bxd5 29. Bxc7 f6 30. Nd2 Kf7 31. Bxd6 Ke6 32. Bf8 Kf7 33. Bb4 h5 34. Nb1 Ke6 35. Nc3 Bc4 36. Ne4 Kd5 37. Nd6 Ba6 38. Nf7 Ke6 39. Nh8 g5 40. g3 f5 41. Bd2 Kf6 42. h4 gxh4 43. gxh4 Kg7 44. Bc3 Kxh8 45. Bxe5+ Kh7 46. f4 Kg6 47. Kh2 Kf7 48. Kg3 Ke6 49. Kf3 Kd5 50. Ke3 Bb5 51. Kd2 Ke4 52. Kc3 Kf3 53. Kd4 Kg3 54. Kd5 Kxh4 55. Ke6 Bd3 56. Kf6 Kg4 57. Kg6 h4 58. Bd4 h3 59. Bg1 Kxf4 60. Bh2+ Kg4 61. Kf6 f4 62. Ke5 f3 63. Kd4 f2 64. Kxd3 {White resigns} 0-1

[Event "FICS rated lightning game"]
[Site "FICS freechess.org"]
[FICSGamesDBGameNo "20001346"]
[White "VanDeLaar"]
[Black "femkew"]
[WhiteElo "1813"]
[BlackElo "1647"]
[WhiteRD "na"]
[BlackRD "na"]
[TimeControl "60+0"]
[Date "1999.08.16"]
[Time "15:14:00"]
[WhiteClock "0:01:00.000"]
[BlackClock "0:01:00.000"]
[ECO "D31"]
[PlyCount "63"]
[Result "1-0"]

1. d4 d5 2. c4 c6 3. Nc3 e6 4. e4 Nf6 5. e5 Nfd7 6. cxd5 cxd5 7. f4 Nc6 8. Nf3 a6 9. Bd3 Be7 10. O-O g6 11. g4 Nb6 12. f5 Bb4 13. f6 Qd7 14. Bh6 Nc4 15. Qe2 b5 16. Bg7 Rg8 17. Bxc4 bxc4 18. Rad1 Bb7 19. Ng5 h6 20. Nh3 Bf8 21. Bxf8 Rxf8 22. Na4 Qc8 23. Nc5 Qc7 24. b3 Rb8 25. bxc4 dxc4 26. Qxc4 Ne7 27. fxe7 Kxe7 28. Ne4 Bd5 29. Qc5+ Ke8 30. Qxc7 Rd8 31. Nd6+ Rxd6 32. exd6 {Black forfeits on time} 1-0

[Event "FICS rated blitz game"]
[Site "FICS freechess.org"]
[FICSGamesDBGameNo "20001345"]
[White "WoodyOne"]
[Black "Habanero"]
[WhiteElo "1437"]
[BlackElo "1408"]
[WhiteRD "na"]
[BlackRD "na"]
[TimeControl "300+5"]
[Date "1999.08.16"]
[Time "14:39:00"]
[WhiteClock "0:05:00.000"]
[BlackClock "0:05:00.000"]
[ECO "C01"]
[PlyCount "54"]
[Result "0-1"]

1. e4 e6 2. Nf3 d5 3. exd5 exd5 4. d4 Bd6 5. c4 dxc4 6. Bxc4 Nf6 7. Bg5 O-O 8. O-O Re8 9. h3 h6 10. Bxf6 Qxf6 11. Nc3 c6 12. Re1 Bd7 13. Qb3 b5 14. Rxe8+ Bxe8 15. Re1 Bd7 16. Bd3 Be6 17. Qc2 Nd7 18. Ne4 Qe7 19. Nxd6 Qxd6 20. Ne5 Nxe5 21. dxe5 Qd5 22. Be4 Qxa2 23. Qxc6 Rc8 24. Rd1 Rxc6 25. Bxc6 Qxb2 26. Be4 f5 27. Rd8+ Kh7 {White resigns} 0-1

[Event "FICS rated blitz game"]
[Site "FICS freechess.org"]
[FICSGamesDBGameNo "20001344"]
[White "Alright"]
[Black "embu"]
[WhiteElo "1656"]
[BlackElo "1515"]
[WhiteRD "na"]
[BlackRD "na"]
[TimeControl "300+0"]
[Date "1999.08.16"]
[Time "12:36:00"]
[WhiteClock "0:05:00.000"]
[BlackClock "0:05:00.000"]
[ECO "B18"]
[PlyCount "85"]
[Result "1-0"]

1. e4 c6 2. d4 d5 3. Nd2 dxe4 4. Nxe4 Bf5 5. Ng3 Bg6 6. Nf3 e6 7. Bd3 Ne7 8. O-O Bxd3 9. Qxd3 Ng6 10. Re1 Bd6 11. Ne4 O-O 12. Nxd6 Qxd6 13. Qe4 Nd7 14. c3 Nf6 15. Qe2 Nf4 16. Bxf4 Qxf4 17. Ne5 Rad8 18. Rad1 Rd5 19. f3 Rfd8 20. g3 Qh6 21. Kg2 Nd7 22. Ng4 Qg5 23. f4 Qh5 24. Ne5 Qxe2+ 25. Rxe2 Nxe5 26. fxe5 c5 27. Re4 cxd4 28. Rexd4 Kf8 29. Rxd5 Rxd5 30. Rxd5 exd5 31. Kf3 Ke7 32. Kf4 Ke6 33. g4 h6 34. h4 f6 35. exf6 gxf6 36. b3 b6 37. a4 a6 38. b4 a5 39. b5 Kd6 40. Kf5 Kc5 41. Kxf6 Kc4 42. g5 hxg5 43. hxg5 {Black resigns} 1-0

[Event "FICS rated blitz game"]
[Site "FICS freechess.org"]
[FICSGamesDBGameNo "20001343"]
[White "Nanoc"]
[Black "stevee"]
[WhiteElo "1281"]
[BlackElo "1137"]
[WhiteRD "na"]
[BlackRD "na"]
[TimeControl "300+5"]
[Date "1999.08.16"]
[Time "00:24:00"]
[WhiteClock "0:05:00.000"]
[BlackClock "0:05:00.000"]
[ECO "A41"]
[PlyCount "76"]
[Result "0-1"]

1. d4 d6 2. Nf3 f6 3. e4 e5 4. d5 b6 5. Bb5+ Bd7 6. Nc3 Bxb5 7. Nxb5 a6 8. Nc3 Ne7 9. O-O g5 10. Be3 Bh6 11. Nd2 Rf8 12. Qh5+ Rf7 13. Qxh6 c5 14. b3 b5 15. Ne2 Nd7 16. Ng3 Rb8 17. Nh5 Qb6 18. Ng7+ Kf8 19. Ne6+ Kg8 20. Nf3 g4 21. Nh4 Nf8 22. Qh5 f5 23. Bh6 Nfg6 24. Nxg6 hxg6 25. Qg5 fxe4 26. Rae1 Qb7 27. Rxe4 g3 28. fxg3 Qxd5 29. Rxf7 Kxf7 30. Rg4 Qd1+ 31. Kf2 Qxc2+ 32. Kf3 Kxe6 33. Bg7 Qxa2 34. Qf6+ Kd7 35. Qf7 Qd2 36. Rxg6 Qd3+ 37. Kg4 Qxg6+ 38. Qxg6 Nxg6 {White resigns} 0-1

[Event "FICS rated blitz game"]
[Site "FICS freechess.org"]
[FICSGamesDBGameNo "20001341"]
[White "mandevil"]
[Black "mickeli"]
[WhiteElo "1808"]
[BlackElo "1708"]
[WhiteRD "na"]
[BlackRD "na"]
[TimeControl "180+0"]
[Date "1999.08.15"]
[Time "20:26:00"]
[WhiteClock "0:03:00.000"]
[BlackClock "0:03:00.000"]
[ECO "B21"]
[PlyCount "57"]
[Result "1-0"]

1. e4 c5 2. d4 cxd4 3. c3 d3 4. Nf3 d2+ 5. Bxd2 a6 6. Bc4 Qc7 7. Qe2 Nc6 8. O-O Nf6 9. Na3 Ng4 10. Bb3 b5 11. h3 h5 12. Rad1 e6 13. g3 Bc5 14. Bf4 Qd8 15. hxg4 hxg4 16. Nd4 Ne7 17. Nac2 Ng6 18. Qxg4 Bb7 19. Nxe6 fxe6 20. Qxg6+ Kf8 21. Bxe6 Qf6 22. Qxf6+ gxf6 23. Bd5 Bxd5 24. Rxd5 Bb6 25. Rxd7 Bc5 26. Bd6+ Ke8 27. Bxc5 Kxd7 28. Nd4 Kc7 29. Nf5 {Black forfeits on time} 1-0

[Event "FICS rated blitz game"]
[Site "FICS freechess.org"]
[FICSGamesDBGameNo "20001340"]
[White "oceandeep"]
[Black "jope"]
[WhiteElo "1594"]
[BlackElo "1635"]
[WhiteRD "na"]
[BlackRD "na"]
[TimeControl "300+0"]
[Date "1999.08.15"]
[Time "20:02:00"]
[WhiteClock "0:05:00.000"]
[BlackClock "0:05:00.000"]
[ECO "B86"]
[PlyCount "115"]
[Result "1-0"]

1. e4 c5 2. Nf3 d6 3. d4 cxd4 4. Nxd4 Nf6 5. Nc3 a6 6. Bc4 e6 7. Be3 Nbd7 8. f4 Nc5 9. Bd3 Be7 10. Qd2 O-O 11. h3 Qc7 12. g4 b5 13. g5 b4 14. Na4 Nfxe4 15. Bxe4 Nxe4 16. Qd3 Nc5 17. Nxc5 dxc5 18. Nf3 Bb7 19. Rf1 a5 20. O-O-O Ba6 21. c4 bxc3 22. Qxc3 Bxf1 23. Rxf1 Rab8 24. Ne5 Bd6 25. Nc4 a4 26. h4 Rb7 27. h5 Rfb8 28. h6 f5 29. gxf6 gxf6 30. Qxf6 Qf7 31. Qxf7+ Rxf7 32. Nxd6 Rd7 33. Nc4 Rb4 34. Ne5 Rdb7 35. Rg1+ Kf8 36. Rg2 a3 37. b3 Re4 38. Bxc5+ Ke8 39. b4 Kd8 40. Rg7 Rbxb4 41. Bxb4 Rxb4 42. Rxh7 Rxf4 43. Nc6+ Kc8 44. Rg7 Rf1+ 45. Kc2 Rf2+ 46. Kb3 Rf3+ 47. Kb4 Rf4+ 48. Kxa3 Rf3+ 49. Kb4 Rf4+ 50. Kc5 Rf5+ 51. Kb6 Rh5 52. h7 e5 53. Nxe5 Rh6+ 54. Ng6 Kd8 55. Kc6 Ke8 56. Kd6 Rxh7 57. Rxh7 Kd8 58. Rh8# {Black checkmated} 1-0

[Event "FICS rated blitz game"]
[Site "FICS freechess.org"]
[FICSGamesDBGameNo "20001339"]
[White "crispee"]
[Black "Mattingly"]
[WhiteElo "1317"]
[BlackElo "1363"]
[WhiteRD "na"]
[BlackRD "na"]
[TimeControl "240+0"]
[Date "1999.08.15"]
[Time "18:36:00"]
[WhiteClock "0:04:00.000"]
[BlackClock "0:04:00.000"]
[ECO "B06"]
[PlyCount "79"]
[Result "0-1"]

1. e4 g6 2. d4 Bg7 3. Nf3 d6 4. Be3 Nc6 5. c4 Bg4 6. Be2 Nf6 7. Nc3 Qd7 8. h3 Bxf3 9. Bxf3 O-O 10. O-O e5 11. dxe5 Nxe5 12. Be2 b6 13. b3 Rae8 14. Nd5 Nxd5 15. exd5 f5 16. Rc1 Nf7 17. Bd4 Bxd4 18. Qxd4 Rxe2 19. a3 Rfe8 20. Qc3 f4 21. Rfe1 Rxe1+ 22. Rxe1 Rxe1+ 23. Qxe1 Ne5 24. f3 Qf5 25. Qh4 g5 26. Qh5 Ng6 27. h4 h6 28. hxg5 hxg5 29. Kf2 Qc2+ 30. Kg1 Qf5 31. Kh2 Kg7 32. Qg4 Qxg4 33. fxg4 Ne5 34. Kg1 Nxg4 35. Kf1 Kf6 36. Ke2 Ne3 37. Kf3 Kf5 38. g3 g4+ 39. Kf2 Nd1+ 40. Kg2 {White forfeits on time} 0-1

[Event "FICS rated blitz game"]
[Site "FICS freechess.org"]
[FICSGamesDBGameNo "20001338"]
[White "Havdre"]
[Black "Huevon"]
[WhiteElo "1854"]
[BlackElo "1742"]
[WhiteRD "na"]
[BlackRD "na"]
[TimeControl "180+0"]
[Date "1999.08.15"]
[Time "14:20:00"]
[WhiteClock "0:03:00.000"]
[BlackClock "0:03:00.000"]
[ECO "C01"]
[PlyCount "83"]
[Result "1-0"]

1. e4 e6 2. Nf3 d5 3. exd5 exd5 4. d4 Bd6 5. Be3 Ne7 6. Be2 Bg4 7. O-O O-O 8. h3 Bh5 9. c4 dxc4 10. Bxc4 Nd7 11. Be2 Nd5 12. Nc3 Nxe3 13. fxe3 c6 14. e4 Bg3 15. e5 Nb6 16. Qd3 Bg6 17. Qe3 Nd5 18. Nxd5 Qxd5 19. Nd2 Bh4 20. Bc4 Qd8 21. Kh1 Bg5 22. Qf2 c5 23. Nf3 Be7 24. d5 Kh8 25. b3 a6 26. Rad1 b5 27. Be2 Qd7 28. Nh2 Bh4 29. Qf4 Bd8 30. Bg4 Qc7 31. d6 Qb6 32. Nf3 h6 33. h4 f5 34. Bh3 Be8 35. e6 Rf6 36. Bxf5 Bg6 37. Qe4 Bxf5 38. Qxa8 Bxe6 39. Ne5 Rxf1+ 40. Rxf1 Kh7 41. Qe4+ Kh8 42. Rf8+ {Black resigns} 1-0

[Event "FICS rated lightning game"]
[Site "FICS freechess.org"]
[FICSGamesDBGameNo "20001336"]
[White "Ratsalad"]
[Black "Nikademeus"]
[WhiteElo "1399"]
[BlackElo "1633"]
[WhiteRD "na"]
[BlackRD "na"]
[TimeControl "120+0"]
[Date "1999.08.15"]
[Time "11:14:00"]
[WhiteClock "0:02:00.000"]
[BlackClock "0:02:00.000"]
[ECO "C41"]
[PlyCount "62"]
[Result "0-1"]

1. e4 e5 2. Nf3 d6 3. Bc4 Nf6 4. d3 Be7 5. Ng5 O-O 6. Nf3 Be6 7. Bxe6 fxe6 8. Ng5 Nc6 9. Nxe6 Qd7 10. Nxf8 Rxf8 11. c3 Bd8 12. Qb3+ Kh8 13. Qxb7 Ng4 14. O-O Be7 15. Qb3 Bh4 16. Be3 Nxe3 17. fxe3 Rxf1+ 18. Kxf1 Qf7+ 19. Ke2 Qf2+ 20. Kd1 Qe1+ 21. Kc2 Qe2+ 22. Nd2 Qxe3 23. Rf1 h6 24. g3 Bg5 25. Rf8+ Kh7 26. Qg8+ Kg6 27. Qf7+ Kh7 28. Rg8 Qxd2+ 29. Kb3 Na5+ 30. Ka4 Qc2+ 31. Kxa5 Bf6 {White forfeits on time} 0-1

[Event "FICS rated blitz game"]
[Site "FICS freechess.org"]
[FICSGamesDBGameNo "20001334"]
[White "Nucleophile"]
[Black "kmah"]
[WhiteElo "1321"]
[BlackElo "1152"]
[WhiteRD "na"]
[BlackRD "na"]
[TimeControl "300+2"]
[Date "1999.08.15"]
[Time "02:16:00"]
[WhiteClock "0:05:00.000"]
[BlackClock "0:05:00.000"]
[ECO "A53"]
[PlyCount "41"]
[Result "1-0"]

1. d4 d6 2. c4 Bf5 3. Nc3 Nf6 4. f3 g6 5. e4 Bd7 6. d5 c6 7. Bd3 cxd5 8. cxd5 Bg7 9. Nge2 a6 10. a4 O-O 11. O-O Qb6+ 12. Kh1 Rc8 13. Ng3 e6 14. Re1 exd5 15. exd5 Re8 16. Bg5 a5 17. Qd2 Na6 18. Na2 Bxa4 19. Be3 Nb4 20. Bxb6 Nxd3 21. Qxd3 {Black resigns} 1-0

[Event "FICS rated blitz game"]
[Site "FICS freechess.org"]
[FICSGamesDBGameNo "20001333"]
[White "kresten"]
[Black "wagudelo"]
[WhiteElo "1285"]
[BlackElo "1720"]
[WhiteRD "na"]
[BlackRD "na"]
[TimeControl "120+12"]
[Date "1999.08.14"]
[Time "23:41:00"]
[WhiteClock "0:02:00.000"]
[BlackClock "0:02:00.000"]
[ECO "D38"]
[PlyCount "97"]
[Result "1-0"]

1. d4 Nf6 2. c4 e6 3. Nc3 d5 4. Nf3 Bb4 5. cxd5 exd5 6. Bg5 Nbd7 7. e3 O-O 8. Bd3 c5 9. a3 Ba5 10. Rc1 Qb6 11. Qc2 c4 12. Bf5 Bxc3+ 13. bxc3 a5 14. O-O Re8 15. Rfe1 Qc7 16. Bf4 Qc6 17. Ne5 Nxe5 18. Bxe5 Bxf5 19. Qxf5 b5 20. Rb1 b4 21. axb4 axb4 22. cxb4 c3 23. Bxf6 Qxf6 24. Qxd5 Rac8 25. Rec1 Red8 26. Qb3 Qc6 27. b5 Qc7 28. Ra1 c2 29. Ra2 Qc3 30. Qxc3 Rxc3 31. Rcxc2 Rdc8 32. Rxc3 Rxc3 33. Kf1 Rc1+ 34. Ke2 h6 35. Rb2 Rc7 36. Kd3 Kh7 37. e4 Kg6 38. d5 Kf6 39. Kd4 Ke7 40. e5 Ke8 41. d6 Rd7 42. b6 f6 43. b7 fxe5+ 44. Kxe5 Rd8 45. b8=Q Rxb8 46. Rxb8+ Kd7 47. Rb7+ Ke8 48. Ke6 Kf8 49. Rb8# {Black checkmated} 1-0

[Event "FICS rated blitz game"]
[Site "FICS freechess.org"]
[FICSGamesDBGameNo "20001332"]
[White "pkch"]
[Black "Etam"]
[WhiteElo "1515"]
[BlackElo "1380"]
[WhiteRD "na"]
[BlackRD "na"]
[TimeControl "300+0"]
[Date "1999.08.14"]
[Time "22:35:00"]
[WhiteClock "0:05:00.000"]
[BlackClock "0:05:00.000"]
[ECO "C50"]
[PlyCount "112"]
[Result "0-1"]

1. e4 e5 2. Nf3 Nc6 3. Bc4 h6 4. Nc3 Nf6 5. O-O Bc5 6. h3 d6 7. d3 Be6 8. b3 Qe7 9. a4 a6 10. Nd5 Qd7 11. Be3 Bxd5 12. exd5 Nb4 13. c3 Nbxd5 14. Bxd5 Nxd5 15. Bxc5 dxc5 16. Re1 f6 17. Qc2 O-O 18. Rad1 Rad8 19. d4 b6 20. dxe5 fxe5 21. c4 Nb4 22. Qe2 Qf5 23. Rxd8 Rxd8 24. Qxe5 Qg6 25. Qxc7 Rf8 26. Nh2 Nd3 27. Rf1 Nf4 28. g3 Nxh3+ 29. Kg2 Nf4+ 30. Kg1 Ne2+ 31. Kg2 Nf4+ 32. Kg1 Nh5 33. Qe5 Rf5 34. Qe4 Nf6 35. Qe3 Kh7 36. Re1 Qh5 37. g4 Nxg4 38. Nxg4 Qxg4+ 39. Kf1 Rh5 40. Qg3 Rh1+ 41. Kg2 Qxg3+ 42. Kxg3 Rxe1 43. f3 Re8 44. Kf4 Rd8 45. Kf5 Re8 46. Kf4 Rd8 47. Kg4 Rd2 48. f4 Re2 49. f5 Rd2 50. Kf4 Rd8 51. Ke5 Re8+ 52. Kd6 Rf8 53. Kc6 Rxf5 54. Kxb6 Rf3 55. Kxa6 Rxb3 56. Ka5 Ra3 {White forfeits on time} 0-1

[Event "FICS rated standard game"]
[Site "FICS freechess.org"]
[FICSGamesDBGameNo "20001331"]
[White "bbwolf"]
[Black "special"]
[WhiteElo "1788"]
[BlackElo "1809"]
[WhiteRD "na"]
[BlackRD "na"]
[TimeControl "900+0"]
[Date "1999.08.14"]
[Time "21:46:00"]
[WhiteClock "0:15:00.000"]
[BlackClock "0:15:00.000"]
[ECO "A12"]
[PlyCount "59"]
[Result "1-0"]

1. Nf3 d5 2. c4 c6 3. b3 Nf6 4. g3 Bf5 5. Bb2 Nbd7 6. Bg2 e6 7. O-O Be7 8. d3 O-O 9. Nbd2 h6 10. Rc1 Qa5 11. Rc2 Rfe8 12. Qa1 Bh7 13. Rfc1 b5 14. cxb5 cxb5 15. Rc7 Bd6 16. Rxd7 Nxd7 17. Bxg7 e5 18. Bxh6 f6 19. Rc6 Re6 20. Bh3 f5 21. Qc1 Rxh6 22. Nc4 dxc4 23. Qxh6 Bf8 24. Qe6+ Kh8 25. Qxd7 cxd3 26. Ng5 Bg8 27. Qxd3 Rd8 28. Qxf5 Qe1+ 29. Bf1 Bg7 30. Qh3+ {Black resigns} 1-0

[Event "FICS rated blitz game"]
[Site "FICS freechess.org"]
[FICSGamesDBGameNo "20001330"]
[White "Ipe"]
[Black "gianutio"]
[WhiteElo "1759"]
[BlackElo "1758"]
[WhiteRD "na"]
[BlackRD "na"]
[TimeControl "300+0"]
[Date "1999.08.14"]
[Time "16:40:00"]
[WhiteClock "0:05:00.000"]
[BlackClock "0:05:00.000"]
[ECO "A10"]
[PlyCount "81"]
[Result "1-0"]

1. c4 b6 2. Nc3 Bb7 3. e4 e6 4. d4 Bb4 5. f3 Qh4+ 6. g3 Qh5 7. Bg2 Ne7 8. Ne2 O-O 9. O-O f5 10. d5 Bc5+ 11. Kh1 Ng6 12. Nf4 Nxf4 13. Bxf4 g5 14. Bxc7 f4 15. g4 Qh6 16. Be5 d6 17. Bd4 e5 18. Bxc5 bxc5 19. Nb5 Ba6 20. Nc7 Bxc4 21. Nxa8 Bxf1 22. Qxf1 Qg7 23. Rc1 Qb7 24. b4 Qxa8 25. bxc5 dxc5 26. Rxc5 Nd7 27. Rc7 Nb6 28. Qb5 Rc8 29. Rxc8+ Qxc8 30. Qc6 Kf7 31. Bf1 Qxc6 32. dxc6 Ke6 33. Bc4+ Kd6 34. Bd5 Na4 35. Kg2 Nc3 36. h4 h6 37. hxg5 hxg5 38. Kf2 Nd1+ 39. Ke2 Ne3 40. Kd3 Kc5 41. c7 {Black resigns} 1-0

[Event "FICS rated blitz game"]
[Site "FICS freechess.org"]
[FICSGamesDBGameNo "20001329"]
[White "woodeater"]
[Black "Swanon"]
[WhiteElo "1721"]
[BlackElo "1648"]
[WhiteRD "na"]
[BlackRD "na"]
[TimeControl "180+2"]
[Date "1999.08.14"]
[Time "16:05:00"]
[WhiteClock "0:03:00.000"]
[BlackClock "0:03:00.000"]
[ECO "A57"]
[PlyCount "62"]
[Result "0-1"]

1. d4 Nf6 2. c4 c5 3. d5 b5 4. a4 bxc4 5. Nc3 d6 6. e4 Ba6 7. f4 g6 8. Nf3 Bg7 9. e5 dxe5 10. fxe5 Ng4 11. e6 O-O 12. Ng5 Ne5 13. exf7+ Nxf7 14. Ne6 Qd6 15. Bf4 Be5 16. Ne4 Qb6 17. Bxe5 Nxe5 18. Nxf8 Kxf8 19. Ng5 Qxb2 20. Be2 Qc3+ 21. Kf1 Nbd7 22. Ne6+ Kg8 23. g3 Bb7 24. Nf4 Rf8 25. Kg2 Nf6 26. h4 Qe3 27. Kh2 Ne4 28. Rf1 Qxg3+ 29. Kh1 Qxh4+ 30. Kg1 Ng3 31. Bf3 Rxf4 {White forfeits on time} 0-1

[Event "FICS rated blitz game"]
[Site "FICS freechess.org"]
[FICSGamesDBGameNo "20001328"]
[White "hkkoeln"]
[Black "Zugged"]
[WhiteElo "1551"]
[BlackElo "1546"]
[WhiteRD "na"]
[BlackRD "na"]
[TimeControl "180+3"]
[Date "1999.08.14"]
[Time "13:46:00"]
[WhiteClock "0:03:00.000"]
[BlackClock "0:03:00.000"]
[ECO "D87"]
[PlyCount "53"]
[Result "1-0"]

1. d4 Nf6 2. c4 g6 3. Nc3 d5 4. cxd5 Nxd5 5. e4 Nxc3 6. bxc3 Bg7 7. Bc4 O-O 8. Ne2 c5 9. Be3 cxd4 10. Nxd4 Qa5 11. Qb3 e6 12. O-O Bd7 13. Rad1 Nc6 14. Nb5 Rfd8 15. Nd6 Qxc3 16. Qxc3 Bxc3 17. Nxb7 Ne5 18. Nxd8 Nxc4 19. Rxd7 Ne5 20. Rd6 Bb4 21. Rd4 Bc5 22. Rdd1 Bxe3 23. fxe3 Nc4 24. Kf2 Na5 25. Rd7 Kf8 26. Ke2 Ke8 27. Rfxf7 {Black resigns} 1-0

[Event "FICS rated blitz game"]
[Site "FICS freechess.org"]
[FICSGamesDBGameNo "20001327"]
[White "Ruylope"]
[Black "SirFrankDrake"]
[WhiteElo "1688"]
[BlackElo "1751"]
[WhiteRD "na"]
[BlackRD "na"]
[TimeControl "300+0"]
[Date "1999.08.14"]
[Time "13:39:00"]
[WhiteClock "0:05:00.000"]
[BlackClock "0:05:00.000"]
[ECO "A00"]
[PlyCount "92"]
[Result "0-1"]

1. e3 d5 2. d4 Bf5 3. Bd3 Bxd3 4. Qxd3 e6 5. Nf3 a6 6. O-O c5 7. dxc5 Bxc5 8. Nc3 Nf6 9. b3 O-O 10. Bb2 Nc6 11. Nd4 Nxd4 12. exd4 Bd6 13. Na4 Qc7 14. h3 Ne4 15. c4 f5 16. c5 Be7 17. f3 Nf6 18. Bc1 Kh8 19. Nc3 Rg8 20. Re1 Qc6 21. Qe3 Ne4 22. fxe4 fxe4 23. Ne2 g5 24. Qg3 Raf8 25. Be3 b6 26. b4 Rg6 27. Rf1 Rfg8 28. Rf7 Bd8 29. Raf1 Bc7 30. Qg4 Bf4 31. Bf2 e3 32. Be1 bxc5 33. Qh5 h6 34. Bg3 Bxg3 35. Nxg3 cxd4 36. Ra7 d3 37. Rff7 R8g7 38. Rf8+ Kh7 39. Raa8 Rg8 40. Rxg8 Rxg8 41. Qf7+ Rg7 42. Qf8 e2 43. Nh5 e1=Q+ 44. Kh2 Qc7+ 45. Nf4 Qxf4+ 46. Qxf4 gxf4 {White resigns} 0-1

[Event "FICS rated blitz game"]
[Site "FICS freechess.org"]
[FICSGamesDBGameNo "20001326"]
[White "hagem"]
[Black "Bjorn"]
[WhiteElo "1516"]
[BlackElo "1938"]
[WhiteRD "na"]
[BlackRD "na"]
[TimeControl "180+0"]
[Date "1999.08.14"]
[Time "13:23:00"]
[WhiteClock "0:03:00.000"]
[BlackClock "0:03:00.000"]
[ECO "D02"]
[PlyCount "68"]
[Result "0-1"]

1. d4 d5 2. Nf3 Nf6 3. g3 Bf5 4. Bg2 c6 5. O-O Nbd7 6. c3 e6 7. Bg5 Bd6 8. Nbd2 O-O 9. Re1 Qc7 10. Bxf6 Nxf6 11. Nh4 Bg6 12. Nxg6 hxg6 13. e4 e5 14. exd5 Nxd5 15. dxe5 Bxe5 16. Nc4 Bf6 17. Bxd5 cxd5 18. Qxd5 Rad8 19. Qe4 Rfe8 20. Qg4 Rxe1+ 21. Rxe1 b5 22. Ne3 Re8 23. Qd1 Qa5 24. Nd5 Rxe1+ 25. Qxe1 Qd8 26. Nxf6+ gxf6 27. Qe2 a6 28. b3 Kg7 29. h4 Qa5 30. Qb2 Qd8 31. Qc2 Qe7 32. c4 Qe1+ 33. Kg2 bxc4 34. Qxc4 a5 {White resigns} 0-1

[Event "FICS rated blitz game"]
[Site "FICS freechess.org"]
[FICSGamesDBGameNo "20001325"]
[White "MAITRE"]
[Black "RuySmith"]
[WhiteElo "1657"]
[BlackElo "1616"]
[WhiteRD "na"]
[BlackRD "na"]
[TimeControl "180+0"]
[Date "1999.08.14"]
[Time "12:22:00"]
[WhiteClock "0:03:00.000"]
[BlackClock "0:03:00.000"]
[ECO "B21"]
[PlyCount "75"]
[Result "1-0"]

1. e4 c5 2. Nf3 Nc6 3. d4 cxd4 4. c3 dxc3 5. Nxc3 Nf6 6. Bc4 e6 7. O-O d5 8. exd5 exd5 9. Nxd5 Nxd5 10. Bxd5 Qc7 11. Re1+ Be7 12. Bg5 O-O 13. Bxe7 Nxe7 14. Rc1 Nc6 15. Ne5 Bd7 16. Qf3 Nd4 17. Qxf7+ Rxf7 18. Rxc7 Ne6 19. Bxe6 Bxe6 20. Nxf7 Bxf7 21. Ree7 Rd8 22. g3 Rd1+ 23. Kg2 Bd5+ 24. f3 Rd2+ 25. Kh3 Kf8 26. Rxg7 Be6+ 27. Kh4 Rxh2+ 28. Kg5 Rh3 29. Kf4 Rh5 30. Rg5 Rh6 31. Rxb7 Rf6+ 32. Ke3 Bxa2 33. Rxa7 Re6+ 34. Kf2 Bc4 35. Rc5 Re2+ 36. Kf1 Re5+ 37. Rxc4 Rb5 38. Rc8# {Black checkmated} 1-0

[Event "FICS rated blitz game"]
[Site "FICS freechess.org"]
[FICSGamesDBGameNo "20001324"]
[White "easter"]
[Black "kresten"]
[WhiteElo "1374"]
[BlackElo "1297"]
[WhiteRD "na"]
[BlackRD "na"]
[TimeControl "300+10"]
[Date "1999.08.14"]
[Time "11:51:00"]
[WhiteClock "0:05:00.000"]
[BlackClock "0:05:00.000"]
[ECO "B12"]
[PlyCount "81"]
[Result "1-0"]

1. e4 c6 2. d4 d5 3. e5 Bf5 4. Bd3 Bxd3 5. Qxd3 e6 6. Nf3 Nd7 7. O-O Qb6 8. Bg5 f6 9. exf6 gxf6 10. Bf4 O-O-O 11. b3 Re8 12. c4 e5 13. dxe5 fxe5 14. Nxe5 Nxe5 15. Bxe5 Rxe5 16. Nc3 dxc4 17. Qh3+ Kb8 18. bxc4 Bd6 19. Qd7 Qc7 20. Qg4 Nf6 21. Qf3 Rh5 22. g3 Rf8 23. Ne4 Rh6 24. Nxd6 Qxd6 25. Rad1 Qc7 26. Qe3 Ng4 27. Qe2 Rxh2 28. Qxg4 h5 29. Qg5 Rh3 30. Kg2 Qc8 31. Qe5+ Ka8 32. Rh1 Rxh1 33. Rxh1 Qf5 34. Qxf5 Rxf5 35. Rh4 b5 36. cxb5 cxb5 37. Rf4 Rxf4 38. gxf4 a5 39. f5 Kb8 40. f6 Kc8 41. f7 {Black resigns} 1-0

[Event "FICS rated blitz game"]
[Site "FICS freechess.org"]
[FICSGamesDBGameNo "20001323"]
[White "Rej"]
[Black "TrueGrit"]
[WhiteElo "1448"]
[BlackElo "1495"]
[WhiteRD "na"]
[BlackRD "na"]
[TimeControl "300+0"]
[Date "1999.08.14"]
[Time "09:50:00"]
[WhiteClock "0:05:00.000"]
[BlackClock "0:05:00.000"]
[ECO "C68"]
[PlyCount "65"]
[Result "1-0"]

1. e4 e5 2. Nf3 Nc6 3. Bb5 a6 4. Bxc6 bxc6 5. O-O d6 6. d4 exd4 7. Nxd4 Bb7 8. Re1 Ne7 9. Bg5 Qd7 10. Nc3 h6 11. Bh4 Ng6 12. Bg3 Be7 13. Nf5 O-O 14. Nxe7+ Qxe7 15. f3 c5 16. Nd5 Bxd5 17. Qxd5 Rfe8 18. c4 Qd7 19. b3 c6 20. Qxd6 Qxd6 21. Bxd6 Red8 22. Bxc5 Rd2 23. Bb4 Rc2 24. Red1 Nf4 25. Rd2 Rxd2 26. Bxd2 Nd3 27. Rd1 Ne5 28. Bc3 Ng6 29. Rd6 Rc8 30. Kf2 f6 31. e5 Kf7 32. exf6 gxf6 33. Rxf6+ {Black resigns} 1-0

[Event "FICS rated blitz game"]
[Site "FICS freechess.org"]
[FICSGamesDBGameNo "20001322"]
[White "gainsbourg"]
[Black "meandclifford"]
[WhiteElo "1503"]
[BlackElo "1485"]
[WhiteRD "na"]
[BlackRD "na"]
[TimeControl "180+0"]
[Date "1999.08.14"]
[Time "08:02:00"]
[WhiteClock "0:03:00.000"]
[BlackClock "0:03:00.000"]
[ECO "A45"]
[PlyCount "51"]
[Result "1-0"]

1. d4 Nf6 2. Nc3 e6 3. e4 Bb4 4. e5 Nd5 5. Bd2 d6 6. Nxd5 Bxd2+ 7. Qxd2 exd5 8. f4 Nc6 9. Nf3 Qe7 10. Bd3 g6 11. O-O O-O 12. exd6 Qxd6 13. c3 Ne7 14. Ne5 Bf5 15. Bxf5 Nxf5 16. Qf2 h5 17. Rae1 b6 18. h3 c5 19. g4 hxg4 20. hxg4 Ng7 21. Qh4 cxd4 22. cxd4 Qb4 23. Rd1 Qxb2 24. Rf3 Rac8 25. Rh3 f6 26. Qh7# {Black checkmated} 1-0